 Dungeon Crawl Stone Soup version 0.26-b1-32-g5d43845318 (webtiles) character file.

Game seed: 4154641184000736263

91844 Monica the Protected (level 16, -14/104 HPs)
             Began as a Gargoyle Fighter on Jan 4, 2021.
             Was a High Priest of Trog.
             Killed from afar by Azrael (47 damage)
             ... with damnation
             ... on level 12 of the Dungeon.
             The game lasted 01:14:56 (26382 turns).

Monica the Protected (Gargoyle Fighter)            Turns: 26382, Time: 01:14:56

Health: -14/104    AC: 28    Str: 26    XL:     16   Next: 4%
Magic:  31/31      EV: 14    Int:  9    God:    Trog [*****.]
Gold:   1537       SH: 29    Dex: 18    Spells: 15/15 levels left

rFire    . . .     SeeInvis +   Y - +1 scimitar of the Lurker {drain, *Noise rPois Int+2}
rCold    + + +     Faith    .   W - +10 tower shield of Ignorance {rN+ Int-4}
rNeg     + + .     Spirit   .   A - +4 skin of Zhor {Englaciate rC+++ SInv}
rPois    ∞         Reflect  .   a - +2 hat
rElec    +         Harm     .   t - scarf {repulsion}
rCorr    .         Rampage  +   K - +1 pair of gloves {Dex+3}
Will     +++++                  T - +2 pair of boots {rampage}
Stlth    ++++++....             f - amulet of regeneration
HPRegen  1.67/turn              G - ring "Ryegurif" {Will+ Dex+3}
MPRegen  0.22/turn              D - ring "Hekugakk" {rPois Will+ MP+9 Dex+2 Stlth+}

@: flying, regenerating, repel missiles
A: antennae 1, big wings, strong-willed 1, negative energy resistance 1, shaggy
fur 1, electricity resistance, strong 1, unbreathing, petrification resistance,
miasma immunity, AC +12
a: Renounce Religion, Berserk, Trog's Hand, Brothers in Arms


You were on level 12 of the Dungeon.
You worshipped Trog.
Trog was extremely pleased with you.
You visited 4 branches of the dungeon, and saw 21 of its levels.
You visited the Abyss 1 time.
You also visited: Gauntlet.

You collected 2110 gold pieces.
You spent 573 gold pieces at shops.

Inventory:

Hand Weapons
 c - a +3 great sword of electrocution
 q - a +2 antimagic long sword
 B - a +2 scimitar of flaming
 M - a +5 long sword
 Y - the +1 scimitar of the Lurker (weapon) {drain, *Noise rPois Int+2}
   (You found it on level 3 of the Abyss)

   A truly terrible weapon, it drains the life of those it strikes.
   It affects your intelligence (+2).
   It protects you from poison.
   It may make noises in combat.
Missiles
 I - 146 arrows
Armour
 a - a +2 hat (worn)
 t - a scarf of repulsion (worn)
 u - the +2 cloak "Katoad" {rElec}
   (You found it on level 5 of the Dungeon)

   It insulates you from electricity.
 x - a +0 pair of gloves
 A - the +4 skin of Zhor (worn) {Englaciate rC+++ SInv}
   (You found it on level 3 of the Lair of Beasts)

   It renders you almost immune to cold.
   It lets you see invisible.
 E - a scarf of shadows
 K - a +1 pair of gloves of dexterity (worn)
 T - a +2 pair of boots of rampaging (worn)
 W - the +10 tower shield of Ignorance (worn) {rN+ Int-4}
   (You found it on level 11 of the Dungeon)

   It affects your intelligence (-4).
   It protects you from negative energy.
Jewellery
 f - an amulet of regeneration (around neck)
 k - an uncursed amulet of the acrobat
 s - an uncursed ring of protection from cold
 z - an uncursed ring of protection from cold
 D - the ring "Hekugakk" (right hand) {rPois Will+ MP+9 Dex+2 Stlth+}
   (You found it in a Gauntlet)

   [ring of magical power]

   It affects your dexterity (+2).
   It protects you from poison.
   It affects your willpower, your defense against some magical effects.
   It affects your magic capacity (+9).
   It makes you more stealthy.
 G - the ring "Ryegurif" (left hand) {Will+ Dex+3}
   (You found it in a Gauntlet)

   [ring of willpower]

   It affects your dexterity (+3).
   It affects your willpower, your defense against some magical effects.
 H - an uncursed ring of protection from fire
 V - an uncursed ring of positive energy
Wands
 i - a wand of flame (91)
 w - a wand of random effects (24)
 R - a wand of disintegration (6)
Scrolls
 b - a scroll of teleportation
 g - 2 scrolls of magic mapping
 l - 2 scrolls of fear
 m - 4 scrolls of immolation
 o - 4 scrolls of enchant weapon
 v - 6 scrolls of enchant armour
 y - 8 scrolls of fog
 C - 5 scrolls of remove curse
 L - 5 scrolls of identify
Potions
 d - 2 potions of curing
 e - a potion of magic
 h - 3 potions of attraction
 j - 2 potions of resistance
 p - 3 potions of ambrosia
 r - a potion of haste
 J - a potion of mutation
 O - 2 potions of cancellation
 Z - 2 potions of berserk rage
Miscellaneous
 n - a tin of tremorstones (2/2)
 F - a box of beasts (inert)
 P - a condenser vane
 Q - a phial of floods
 X - a lightning rod (3/4)


   Skills:
 + Level 13.0 Fighting
 + Level 12.2 Long Blades
 - Level 0.8(1.3) Axes
 - Level 0.7(1.2) Maces & Flails
 - Level 1.3(1.6) Polearms
 - Level 0.7(1.4) Staves
 - Level 1.2(1.3) Slings
 - Level 0.7 Bows
 - Level 1.0 Crossbows
 - Level 0.6(1.1) Throwing
 + Level 13.1 Armour
 + Level 7.2 Dodging
 - Level 10.0 Stealth
 + Level 10.7 Shields
 + Level 8.3 Invocations
 - Level 7.0 Evocations


You had 15 spell levels left.
You didn't know any spells.
Your spell library was empty.

Dungeon Overview and Level Annotations

Branches:
Dungeon (12/15)            Temple (1/1) D:4            Lair (6/6) D:9
 Shoals (0/4) Lair:4       Spider (0/4) Lair:4        Slime (0/5) Lair:6
    Orc (2/2) D:9             Elf (0/3) Orc:2       Gauntlet (visited)

Altars:
Ashenzari
Cheibriados
Dithmenos
Elyvilon
Fedhas
Gozag
Hepliaklqana
Kikubaaqudgha
Makhleb
Nemelex Xobeh
Okawaru
Qazlal
Ru
Sif Muna
Trog
Uskayaw
Vehumet
Wu Jian
Xom
Yredelemnul
Zin
The Shining One
Beogh

Shops:
D:10 *   Orc:2 [?[!

Annotations:
D:12 Azrael


Innate Abilities, Weirdness & Mutations

You are resistant to torment.
Your stone body is resilient. (AC +12)
You are immune to poison.
Your large and strong wings let you fly indefinitely.
You resist negative energy. (rN+)
You are resistant to electric shocks. (rElec)
You can survive without breathing.
You are immune to petrification.
You are immune to miasma.
You have a pair of small antennae on your head.
You are strong-willed. (Will+)
You are covered in fur. (AC +1)
Your muscles are strong. (Str +2)


Message History

The fireball engulfs Azrael.
Azrael completely resists.
Your skin crawls.
You feel strong-willed. You block Azrael's attack.
Unknown command.
Your shield prevents you from hitting Azrael.
Azrael is severely wounded.
Azrael's eyes look fiery.
You block Azrael's attack.
You hit Azrael but do no damage.
Azrael is severely wounded.
You hit Azrael but do no damage.
Your scimitar of the Lurker yells in some weird language.
Azrael is severely wounded.
Azrael hits you but does no damage.
You slash Azrael!
Azrael is almost dead.
Azrael gestures at you.
The sphere of damnation explodes!
The damnation engulfs you!!!
You die...

## .# .# .# # <###.##
##### ........#####.[.#
#####
...#.#..........##......
.#.# ##......@RY.....
##.# #.....####.##...
##.# ##...## # ##.#
##.## ##.# #.# ##.# #.#
...# ##'## #### ##...##
### ##.<...##


You could see Azrael and a yak (slow).

Vanquished Creatures
  Rupert (Lair:5)
  Gastronok (D:8)
  The ghost of Odimp the Protected, a journeyman KoWn of Wu Jian (Lair:4)
  Erolcha (D:11)
  A catoblepas (Lair:5)
  5 hydras
  10 two-headed ogres
  8 death yaks
  4 orc high priests (Orc:2)
  Sonja (Lair:1)
  A fire crab (Lair:5)
  2 wizards (Gauntlet)
  2 orc knights (Orc:2)
  6 orc sorcerers
  3 ugly things (D:11)
  A manticore (D:11)
  A merfolk siren (Lair:4)
  Maurice (D:11)
  7 black mambas
  6 elephants (Lair:5)
  2 centaur zombies
  Joseph (D:9)
  28 cane toads
  Psyche (D:9)
  3 torpor snails
  A rime drake (Lair:6)
  10 komodo dragons
  An ancient zyme (Abyss:3)
  4 trolls
  A meliai (D:11)
  3 polar bears
  4 tyrant leeches (Lair:6)
  4 hornets
  Grinder (D:6)
  4 dream sheep
  27 blink frogs
  7 wyverns
  A redback (D:11)
  2 centaur simulacra (Gauntlet)
  A vampire (D:11)
  66 yaks
  6 fire elementals (D:12)
  3 wraiths
  A steam dragon (D:9)
  7 basilisks
  6 vampire mosquitoes
  A harpy simulacrum (Gauntlet)
  2 wargs (Orc:1)
  A soldier ant (D:11)
  A hydra simulacrum (Gauntlet)
  16 water moccasins
  A hell hound (D:12)
  A hornet zombie (D:9)
  19 orc warriors
  A sky beast (D:11)
  3 black bears
  2 phantoms
  4 ice beasts
  23 ogres
  A necrophage (D:9)
  8 centaurs
  37 wolves
  8 big kobolds
  A gnoll sergeant (D:6)
  28 bullfrogs
  2 scorpions
  2 howler monkeys
  An electric eel (Lair:6)
  2 bullfrog zombies (D:11)
  2 quasits
  2 hounds
  5 jellies
  2 centaur skeletons
  4 bullfrog skeletons
  11 orc priests
  20 orc wizards
  2 iguanas (D:8)
  2 small abominations (Abyss:2)
  10 worker ants
  4 hell rats (Lair:6)
  A hound zombie (D:5)
  2 worker ant zombies (D:11)
  9 gnolls
  12 adders
  6 shadow imps
  4 white imps
  4 ufetubi
  5 oozes
  An adder skeleton (D:6)
  A worm (D:4)
  2 dart slugs
  3 leopard geckos
  76 orcs
  5 giant cockroaches
  5 goblins
  8 hobgoblins
  11 jackals
  2 quokkas
  6 bats
  4 frilled lizards
  A jackal skeleton (D:4)
  37 kobolds
  A leopard gecko skeleton (D:4)
  9 rats
702 creatures vanquished.

Vanquished Creatures (collateral kills)
  A bone dragon (Abyss:3)
  A tentacled starspawn (Abyss:3)
  A minotaur (Gauntlet)
  A hydra (Lair:2)
  A sun demon (Abyss:3)
  A wretched star (Abyss:3)
  A swamp dragon (Abyss:3)
  An orc knight (Orc:2)
  2 large abominations (Abyss:3)
  An orc warrior (Orc:2)
  A small abomination (Abyss:3)
  A wolf (Lair:2)
  An ogre (Orc:2)
  A starcursed mass (Abyss:3)
  An orc priest (Orc:2)
  A starspawn tentacle (Abyss:3)
17 creatures vanquished.

Vanquished Creatures (others)
  A centaur skeleton (D:12)
  A centaur zombie (D:8)
  3 orc priests
  3 orc wizards
  An adder (D:8)
  An orc (D:8)
  51 fungi
  A lurking horror (Abyss:3)
  98 plants
  2 starspawn tentacles (Abyss:3)
  23 withered plants (Gauntlet)
185 creatures vanquished.

Grand Total: 904 creatures vanquished

Notes
Turn   | Place    | Note
-------+----------+-------------------------------------------
     0 | D:1      | Monica the Gargoyle Fighter began the quest for the Orb.
     0 | D:1      | Reached XP level 1. HP: 14/14 MP: 1/1
   220 | D:1      | Reached XP level 2. HP: 16/19 MP: 2/2
   866 | D:2      | Found a white marble altar of Elyvilon.
   867 | D:2      | Found a hide-covered altar of Uskayaw.
   867 | D:2      | Found a broken altar of Ashenzari.
   867 | D:2      | Found a sacrificial altar of Ru.
   876 | D:2      | Found a bloodstained altar of Trog.
   883 | D:2      | Found an ornate altar of the Wu Jian Council.
   985 | D:2      | Reached XP level 3. HP: 23/23 MP: 3/3
  1160 | D:2      | Became a worshipper of Trog the Wrathful
  1372 | D:3      | HP: 1/23 [gnoll/+0 whip (6)]
  1380 | D:3      | HP: 1/23 [gnoll/+0 whip (1)]
  1952 | D:3      | Reached XP level 4. HP: 23/28 MP: 4/4
  2417 | D:3      | You fall into a shaft and drop 3 floors!
  2427 | D:6      | Reached XP level 5. HP: 28/33 MP: 5/5
  2428 | D:6      | Reached * piety under Trog
  2429 | D:6      | Noticed Grinder
  2442 | D:6      | Noticed a centaur
  2449 | D:5      | Entered Level 5 of the Dungeon
  2594 | D:5      | Got a shimmering cloak
  2612 | D:4      | Identified the +2 cloak "Katoad" {rElec} (You found it on
                  | level 5 of the Dungeon)
  2862 | D:3      | Found a shadowy altar of Dithmenos.
  3039 | D:3      | Found a faded altar of an unknown god.
  3342 | D:3      | Reached skill level 1 in Dodging
  3342 | D:3      | Reached XP level 6. HP: 38/38 MP: 6/6
  3538 | D:4      | Found a stormy altar of Qazlal.
  3638 | D:4      | Reached skill level 1 in Stealth
  3646 | D:4      | Reached XP level 7. HP: 43/43 MP: 7/7
  3704 | D:4      | Reached ** piety under Trog
  4104 | D:4      | Found a staircase to the Ecumenical Temple.
  4663 | D:4      | Reached skill level 5 in Dodging
  4663 | D:4      | Reached XP level 8. HP: 44/48 MP: 8/8
  4760 | D:4      | Reached *** piety under Trog
  5086 | Temple   | Entered the Ecumenical Temple
  5437 | D:5      | Reached skill level 5 in Long Blades
  5552 | D:5      | Reached skill level 5 in Shields
  6405 | D:6      | Killed Grinder
  6406 | D:6      | Reached skill level 5 in Armour
  6406 | D:6      | Reached XP level 9. HP: 48/52 MP: 9/9
  6503 | D:6      | Found an ancient bone altar of Kikubaaqudgha.
  6795 | D:6      | Found a burning altar of Makhleb.
  6951 | D:7      | Noticed a hornet
  6971 | D:7      | Killed a hornet
  6972 | D:7      | Reached skill level 5 in Fighting
  7549 | D:7      | Reached skill level 5 in Stealth
  8979 | D:8      | Reached XP level 10. HP: 56/60 MP: 10/10
  9075 | D:8      | Found a glowing golden altar of the Shining One.
  9701 | D:9      | Noticed Psyche
  9755 | D:9      | Noticed Gastronok
  9786 | D:8      | Killed Gastronok
 10190 | D:9      | Killed Psyche
 10435 | D:9      | Reached **** piety under Trog
 10606 | D:9      | Found a basalt altar of Yredelemnul.
 10641 | D:9      | Noticed Joseph
 10688 | D:9      | Killed Joseph
 10999 | D:9      | Reached XP level 11. HP: 57/67 MP: 11/11
 11385 | D:9      | Found a glowing silver altar of Zin.
 11598 | D:9      | Found a staircase to the Lair.
 11658 | D:9      | HP: 1/67 [komodo dragon (15)]
 12062 | D:9      | Found a staircase to the Orcish Mines.
 12116 | D:10     | Entered Level 10 of the Dungeon
 12187 | D:10     | Found Guow Cue's Assorted Antiques.
 12233 | D:10     | Bought a blackened iron wand for 140 gold pieces
 12233 | D:10     | Bought a cyan potion for 31 gold pieces
 12233 | D:10     | Bought a wand of disintegration (14) for 140 gold pieces
 12914 | D:11     | Found the +10 tower shield of Ignorance {rN+ Int-4}
 12990 | D:11     | Noticed Maurice
 12991 | D:11     | Noticed Erolcha
 13006 | D:11     | Paralysed by Maurice for 3 turns
 13012 | D:11     | Killed Maurice
 13050 | D:11     | Noticed a two-headed ogre
 13058 | D:11     | Killed Erolcha
 13065 | D:11     | Killed a two-headed ogre
 13092 | D:11     | Reached ***** piety under Trog
 13151 | D:11     | Noticed a purple ugly thing
 13153 | D:11     | Noticed a brown ugly thing
 13154 | D:11     | Noticed a manticore
 13174 | D:11     | Killed a purple ugly thing
 13175 | D:11     | Reached skill level 10 in Long Blades
 13182 | D:11     | Killed a green ugly thing
 13184 | D:11     | Gained mutation: You have large cloven feet. [potion of
                  | mutation]
 13184 | D:11     | Gained mutation: You are agile. (Dex +2) [potion of
                  | mutation]
 13184 | D:11     | Gained mutation: You are covered in fur. (AC +1) [potion of
                  | mutation]
 13268 | D:11     | Killed a manticore
 13483 | D:11     | Noticed a brown ugly thing
 13509 | D:11     | Killed a brown ugly thing
 13510 | D:11     | Reached XP level 12. HP: 49/76 MP: 12/12
 13632 | D:11     | Noticed a two-headed ogre
 13632 | D:11     | Noticed a two-headed ogre
 13652 | D:11     | Killed a two-headed ogre
 13656 | D:11     | Killed a two-headed ogre
 13793 | D:11     | Reached skill level 10 in Armour
 14117 | D:11     | Noticed a two-headed ogre
 14131 | D:11     | Killed a two-headed ogre
 14132 | D:11     | Reached skill level 10 in Fighting
 14457 | D:11     | Noticed a four-headed hydra
 14466 | D:11     | Reached skill level 1 in Polearms
 14466 | D:11     | Reached skill level 1 in Slings
 14484 | D:11     | Killed a four-headed hydra
 14485 | D:11     | Reached skill level 1 in Invocations
 14486 | D:11     | Reached skill level 1 in Crossbows
 15197 | Lair:1   | Entered Level 1 of the Lair of Beasts
 15393 | Lair:1   | Noticed Sonja
 15409 | Lair:1   | Cast into level 1 of the Abyss (Sonja)
 15505 | Abyss:2  | Noticed a starcursed mass
 15615 | Abyss:2  | Noticed an angel
 15684 | Abyss:2  | Noticed a wretched star
 15856 | Abyss:2  | Noticed a wretched star
 16009 | Abyss:3  | Noticed a balrug
 16031 | Abyss:3  | Got a polished scimitar
 16032 | Abyss:3  | Identified the cursed +1 scimitar of the Lurker {drain,
                  | *Noise rPois Int+2} (You found it on level 3 of the Abyss)
 16038 | Abyss:3  | Noticed a hell knight
 16047 | Abyss:3  | Noticed a thrashing horror
 16050 | Abyss:3  | Noticed a thrashing horror
 16061 | Abyss:3  | Noticed a wretched star
 16075 | Abyss:3  | Killed a wretched star
 16078 | Abyss:3  | Noticed a tentacled starspawn
 16102 | Abyss:3  | Killed a tentacled starspawn
 16102 | Abyss:3  | Noticed a wretched star
 16126 | Abyss:3  | Noticed a starcursed mass
 16127 | Abyss:3  | Found a corrupted altar of Lugonu.
 16153 | Abyss:3  | Gained mutation: Scrolls take you a little longer to read.
                  | [a neqoxec]
 16165 | Abyss:3  | Noticed a sun demon
 16182 | Abyss:3  | Noticed a bone dragon
 16250 | Abyss:3  | Killed a bone dragon
 16255 | Abyss:3  | HP: 1/62 [starcursed mass/accursed screaming (5)]
 16256 | Abyss:3  | Killed a sun demon
 16342 | Abyss:3  | Noticed a bone dragon
 16355 | Lair:1   | Escaped the Abyss
 16363 | Lair:1   | HP: 2/105 [polar bear (8)]
 16373 | Lair:1   | HP: 3/70 [polar bear (5)]
 16729 | Lair:1   | Reached XP level 13. HP: 68/74 MP: 15/15
 16849 | Lair:1   | Reached skill level 5 in Evocations
 16960 | Lair:1   | Killed Sonja
 19287 | Lair:3   | Reached skill level 5 in Invocations
 19485 | Lair:3   | Found a gate leading to a gauntlet.
 19537 | Gauntlet | Entered a Gauntlet
 19537 | Gauntlet | Found a large runed translucent door.
 19537 | Gauntlet | Found a large runed translucent door.
 19537 | Gauntlet | Found a large runed translucent door.
 19537 | Gauntlet | Found a large runed translucent door.
 19537 | Gauntlet | Found a runed translucent door.
 19537 | Gauntlet | Found a large runed translucent door.
 19537 | Gauntlet | Found a large runed translucent door.
 19537 | Gauntlet | Found a transporter.
 19537 | Gauntlet | Found a transporter.
 19537 | Gauntlet | Found a large runed translucent door.
 19537 | Gauntlet | Found a large runed translucent door.
 19537 | Gauntlet | Found a runed translucent gate.
 19537 | Gauntlet | Found a runed translucent gate.
 19537 | Gauntlet | Found a transporter.
 19538 | Gauntlet | Found a runed translucent door.
 19538 | Gauntlet | Found a runed translucent gate.
 19542 | Gauntlet | Found a transporter.
 19548 | Gauntlet | Found a large runed translucent door.
 19550 | Gauntlet | Found a transporter.
 19550 | Gauntlet | Found a transporter.
 19552 | Gauntlet | Found a transporter.
 19556 | Gauntlet | Found a transporter.
 19561 | Gauntlet | Noticed a reaper
 19570 | Gauntlet | Found a transporter.
 19577 | Gauntlet | Found a transporter.
 19655 | Gauntlet | Found a large runed translucent door.
 19655 | Gauntlet | Found a large runed translucent door.
 19655 | Gauntlet | Found a large runed translucent door.
 19656 | Gauntlet | Found a large runed translucent door.
 19656 | Gauntlet | Found a large runed translucent door.
 19657 | Gauntlet | Found a large runed translucent door.
 19657 | Gauntlet | Found a large runed translucent door.
 19850 | Gauntlet | Found a transporter.
 19854 | Gauntlet | Reached skill level 10 in Stealth
 19863 | Gauntlet | Found a transporter.
 19867 | Gauntlet | Got a bound iron ring
 19895 | Gauntlet | Identified the ring "Hekugakk" {rPois Will+ MP+9 Dex+2
                  | Stlth+} (You found it in a Gauntlet)
 19937 | Gauntlet | Got a glittering silver ring
 19942 | Gauntlet | Lost mutation: You are agile. (Dex +2) [potion of mutation]
 19942 | Gauntlet | Lost mutation: You have large cloven feet. [potion of
                  | mutation]
 19942 | Gauntlet | Lost mutation: Scrolls take you a little longer to read.
                  | [potion of mutation]
 19942 | Gauntlet | Gained mutation: Your muscles are strong. (Str +2) [potion
                  | of mutation]
 19942 | Gauntlet | Gained mutation: You are strong-willed. (Will+) [potion of
                  | mutation]
 19942 | Gauntlet | Gained mutation: You have a pair of small antennae on your
                  | head. [potion of mutation]
 19948 | Gauntlet | Identified the ring "Ryegurif" {Will+ Dex+3} (You found it
                  | in a Gauntlet)
 19962 | Gauntlet | Noticed a minotaur
 19970 | Gauntlet | Killed a minotaur
 19970 | Gauntlet | Received a gift from Trog
 19971 | Gauntlet | Gained mutation: Your large and strong wings let you fly
                  | indefinitely. [Gargoyle growth]
 19971 | Gauntlet | Reached XP level 14. HP: 70/90 MP: 17/17
 20377 | Lair:3   | Found the +4 skin of Zhor {Englaciate rC+++ SInv}
 20719 | Lair:4   | Found a runed translucent door.
 20719 | Lair:4   | Noticed Odimp's ghost (journeyman KoWn)
 20739 | Lair:4   | Killed Odimp's ghost
 20813 | Lair:4   | Found a hole to the Spider Nest.
 21199 | Lair:4   | Found a staircase to the Shoals.
 21637 | Lair:5   | Noticed Rupert
 21651 | Lair:5   | Killed Rupert
 22784 | Lair:6   | Entered Level 6 of the Lair of Beasts
 22850 | Lair:6   | Reached XP level 15. HP: 78/96 MP: 19/19
 23144 | Lair:6   | Reached skill level 10 in Shields
 23404 | Lair:6   | Found a staircase to the Slime Pits.
 24402 | Orc:1    | Entered Level 1 of the Orcish Mines
 24406 | Orc:1    | Received a gift from Trog
 24696 | Orc:2    | Entered Level 2 of the Orcish Mines
 24917 | Orc:2    | Found a roughly hewn altar of Beogh.
 25075 | Orc:2    | Found a staircase to the Elven Halls.
 25367 | Orc:2    | Found Desoacur's Distillery.
 25467 | Orc:2    | Found Cetoto's Antique Armour Emporium.
 25495 | Orc:2    | Found Zeviuloq's Magic Scroll Shop.
 25530 | Orc:2    | Found Arut's Antique Armour Shop.
 25557 | Orc:2    | Bought a pair of embroidered gloves for 262 gold pieces
 25669 | Orc:1    | Received a gift from Trog
 26050 | Orc:1    | Reached XP level 16. HP: 79/104 MP: 22/22
 26316 | D:12     | Noticed Azrael
 26382 | D:12     | Killed from afar by Azrael

Illustrated notes

Levels and vault maps discovered:
D:1:      wander_arrival_chamber, layout_loops_ring,
          chequers_serial_rivers_marsh
D:2:      layout_basic, minmay_overflow_temple_hex
D:3:      layout_basic, marbit_many_paths, chequers_ecumenical_altar_twisty
D:4:      minmay_goblin_kobold_castle, layout_loops_ring,
          nicolae_overflow_crystal_walls, minmay_temple_entry_glass,
          minmay_misc_feat_secret_circle
D:5:      layout_loops_ring
D:6:      layout_basic, general_overflow_altar, kennysheep_mini_moat,
          uniq_grinder
D:7:      layout_loops_corners
D:8:      layout_basic, nicolae_tso_carved_into_rock, lemuel_flamethrower_2
D:9:      layout_irregular_city, kennysheep_mini, kennysheep_little_box,
          erik_lair_dragon, hiddenorc1_lemuel, serial_column_ruins,
          column_ruins_hut, column_ruins_open_tiny, column_ruins_open_small,
          column_ruins_corridor_water, column_ruins_open_medium,
          column_ruins_corridor_straight, column_ruins_corridor_straight,
          uniq_psyche, uniq_joseph, uniq_gastronok
D:10:     layout_rooms, serial_shops, shop
D:11:     minmay_quarter_circles, layout_basic, uniq_erolcha, uniq_maurice
D:12:     layout_loops_corners, uniq_azrael, uniq_kirke
Temple:   nicolae_temple_figure_zero
Lair:1:   layout_loops_ring, grunt_megastairs_1, uniq_sonja
Lair:2:   layout_cave_pods, beast_lair_carwin_7, grunt_megastairs_5,
          serial_bayou_shore_b
Lair:3:   layout_regular_city, gauntlet_entry_generic
Lair:4:   layout_hall_layers, minmay_shoals_entry_lonely_mermaid,
          dummy_spider_entry, ebering_ghost_inner_flame
Lair:5:   beast_lair_carwin_large_1, layout_cave_pods,
          infiniplex_staircase_pool, uniq_rupert
Lair:6:   minmay_lair_end_frog_pond, layout_regular_city,
          nicolae_slime_entry_slimehenge
Orc:1:    lemuel_ogre_cave, layout_caves
Orc:2:    st_orc_elflike, layout_caves, basic_altar

Skill      XL: |  1  2  3  4  5  6  7  8  9 10 11 12 13 14 15 |
---------------+----------------------------------------------+-----
Long Blades    | 2 3 4 5 6 8 10 11 12 | 12.2
Shields        | 4 5 6 8 9 10 | 10.7
Armour         | 4 5 6 7 9 10 11 12 13 | 13.1
Fighting       | 4 6 7 9 10 11 12 13 | 13.0
Dodging        | 1 3 5 6 7 |  7.2
Stealth        | 2 3 8 10 | 10.0
Evocations     | 3 4 6 7 |  7.0
Polearms       | 1 |  1.3
Slings         | 1 |  1.2
Invocations    | 3 5 6 8 |  8.3
Crossbows      | 1 |  1.0
Axes           | |  0.8
Maces & Flails | |  0.7
Staves         | |  0.7
Bows           | |  0.7
Throwing       | |  0.6

Action                   |  1- 3 |  4- 6 |  7- 9 | 10-12 | 13-15 | 16-18 || total
-------------------------+-------+-------+-------+-------+-------+-------++-------
Melee: Long sword        |    96 |   183 |   686 |   880 |       |       ||  1845
       Falchion          |       |       |       |     4 |       |       ||     4
       Scimitar          |       |       |       |    96 |  1797 |    84 ||  1977
Invok: Berserk           |       |     1 |     2 |    13 |    11 |       ||    27
       Trog's Hand       |       |       |     1 |    13 |    17 |     2 ||    33
       Brothers in Arms  |       |       |       |     2 |     3 |       ||     5
 Abil: Fly               |       |       |       |       |     1 |       ||     1
Evoke: Wand              |       |       |       |    19 |    10 |       ||    29
       Condenser vane    |       |       |       |     1 |     3 |       ||     4
       Lightning rod     |       |       |       |       |    15 |       ||    15
       Phial of floods   |       |       |       |       |     3 |       ||     3
       Box of beasts     |       |       |       |       |     1 |       ||     1
       Tin of tremorston |       |       |       |       |     1 |       ||     1
  Use: Scroll            |     1 |     3 |     8 |    22 |     5 |       ||    39
       Potion            |     1 |       |       |    26 |     5 |       ||    32
 Stab: Invisible         |       |       |       |     1 |       |       ||     1
       Paralysed         |       |       |       |     1 |       |       ||     1
       Distracted        |       |       |       |       |     8 |       ||     8
       Sleeping          |       |       |       |       |     7 |     1 ||     8
       Petrified         |       |       |       |       |     1 |       ||     1
Armor: Scale mail        |    25 |       |       |       |       |       ||    25
       Chain mail        |    33 |   125 |   421 |       |   283 |       ||   862
       Plate armour      |       |       |    58 |   715 |    12 |       ||   785
       Animal skin       |       |       |       |       |   255 |     3 ||   258
Dodge: Dodged            |    27 |    62 |   289 |   287 |   429 |     5 ||  1099
       Repelled          |       |     1 |       |    10 |     3 |       ||    14
Block: Kite shield       |    47 |   111 |   435 |   469 |       |       ||  1062
       Tower shield      |       |       |       |   333 |  2543 |    53 ||  2929
       Rpst.: Long sword |     6 |    19 |    85 |    62 |       |       ||   172
       Scimitar          |       |       |       |     1 |   112 |     3 ||   116
